Map: Winter Madness LE

Players

ShoWTimE - Winner!

  • Race: Protoss Protoss
  • League: Master
  • Spawn Location: 11:00

SKillous

  • Race: Protoss Protoss
  • League: Master
  • Spawn Location: 5:00

VOD

Have the link to the VOD?

Description

Time

  • Played on: Jan. 31, 2026, 1:05 p.m.
  • Length: 9:58
Show
View Real Time Build Order
Export as new Build Order

ShoWTimE Protoss - Winner!

Build Orders:  

Get SALT Encoding   

  12  0:00  Probe  
  13  0:12  Probe  
  14  0:16  Pylon  
  14  0:24  Probe  
  15  0:32  Probe  
  15  0:34  Gateway  
  15  0:40  Probe  
  16  0:45  Assimilator  
  17  0:50  Probe  
  17  0:54  Assimilator  
  18  0:59  Probe  
  19  1:06  Gateway  
  19  1:07  Probe  
  19  1:17  Probe  
  20  1:22  Cybernetics Core  
  21  1:29  Probe  
  22  1:34  Pylon  
  22  1:41  Probe  
  23  1:53  Probe  
  24  1:58  Adept x2  
  24  1:59  Warp Gate  
  28  2:05  Robotics Facility  
  28  2:10  Pylon  
  28  2:25  Stalker  
  28  2:26  Stalker  
  32  2:41  Warp Prism  
  32  2:55  Sentry  
  32  2:57  Pylon  
  36  3:00  Shield Battery  
  36  3:06  Sentry  
  38  3:15  Shield Battery  
  38  3:18  Immortal  
  38  3:29  Shield Battery  
  42  3:37  Pylon  
  42  3:39  Probe  
  43  3:58  Immortal  
  45  4:10  Adept x2  
  45  4:17  Pylon  
  47  4:21  Pylon  
  47  4:30  Immortal  
  51  4:45  Adept x2  
  55  5:00  Phoenix  
  55  5:12  Adept x2  
  59  5:19  Immortal  
  59  5:31  Probe  
  64  5:37  Pylon  
  64  5:39  Stalker x2  
  68  5:55  Pylon  
  68  6:03  Nexus  
  68  6:05  Probe  
  68  6:07  Phoenix  
  69  6:14  Sentry  
  69  6:15  Sentry  
  69  6:17  Probe  
  74  6:22  Shield Battery  
  74  6:29  Probe  
  75  6:40  Twilight Council  
  75  6:41  Probe  
  75  6:44  Observer  
  77  6:50  Stalker x2  
  81  6:58  Blink  
  81  7:03  Pylon  
  81  7:06  Phoenix  
  81  7:15  Probe  
  82  7:17  Probe  
  83  7:25  Stalker, Probe  
  83  7:27  Probe  
  87  7:34  Probe, Stalker  
  89  7:39  Probe  
  91  7:44  Assimilator  
  91  7:47  Probe  
  91  7:50  Stalker  
  95  7:51  Probe  
  95  7:54  Phoenix  
  95  7:57  Stalker  
  97  8:04  Probe  
  98  8:12  Pylon  
  97  8:21  Stalker x2  
  97  8:24  Gateway  
  97  8:26  Gateway  
  101  8:35  Gateway  
  101  8:37  Pylon  
  101  8:45  Pylon  
  101  8:48  Stalker x2  
  101  8:53  Pylon  
  103  9:13  Stalker x2  
  103  9:16  Observer  
  107  9:23  Pylon  
  105  9:29  Stalker x3  
  107  9:36  Nexus  
  105  9:38  Pylon  
  93  9:46  Stalker  
  93  9:49  Stalker  
Show
View Real Time Build Order
Export as new Build Order

SKillous Protoss 

Build Orders:  

Get SALT Encoding   

  12  0:00  Probe  
  13  0:12  Probe  
  14  0:16  Pylon  
  14  0:23  Probe  
  15  0:31  Probe  
  16  0:36  Gateway  
  16  0:39  Probe  
  16  0:45  Assimilator  
  17  0:51  Probe  
  17  0:54  Assimilator  
  18  0:59  Probe  
  19  1:07  Probe, Gateway  
  19  1:17  Probe  
  20  1:23  Cybernetics Core  
  21  1:29  Probe  
  21  1:32  Pylon  
  22  1:41  Probe  
  23  2:00  Robotics Facility, Warp Gate  
  23  2:01  Adept  
  23  2:02  Adept  
  27  2:10  Pylon  
  27  2:28  Stalker  
  27  2:29  Stalker  
  31  2:37  Immortal  
  35  2:53  Probe  
  35  2:59  Pylon  
  35  3:02  Shield Battery  
  35  3:03  Sentry  
  35  3:05  Stalker  
  39  3:17  Probe  
  39  3:18  Warp Prism  
  40  3:20  Pylon  
  40  3:31  Probe  
  43  3:48  Stalker  
  46  3:50  Stalker  
  47  3:58  Immortal  
  47  4:00  Probe  
  48  4:12  Probe  
  49  4:20  Sentry  
  49  4:24  Stalker  
  53  4:27  Probe  
  54  4:33  Pylon  
  52  4:50  Immortal  
  56  4:59  Adept  
  58  5:06  Stargate  
  54  5:20  Immortal  
  54  5:26  Probe  
  55  5:33  Pylon  
  59  5:38  Probe  
  60  5:43  Shield Battery  
  60  5:51  Phoenix  
  60  5:55  Probe  
  63  6:11  Nexus  
  63  6:13  Probe  
  64  6:21  Phoenix  
  64  6:24  Probe  
  67  6:32  Probe  
  67  6:33  Pylon  
  68  6:40  Probe  
  70  7:02  Pylon  
  70  7:06  Probe  
  71  7:14  Phoenix  
  71  7:15  Pylon  
  71  7:20  Probe  
  74  7:25  Probe  
  74  7:27  Adept x2, Pylon  
  79  7:34  Observer  
  79  7:35  Phoenix  
  79  7:37  Probe  
  79  7:38  Probe  
  83  7:45  Immortal  
  83  7:47  Pylon  
  83  7:49  Probe  
  84  7:56  Probe  
  89  8:02  Phoenix, Probe  
  93  8:16  Adept x2  
  96  8:21  Gateway x2  
  96  8:32  Phoenix, Gateway  
  98  8:43  Stalker x2  
  98  8:46  Warp Prism  
  98  9:08  Stalker x2  
  98  9:11  Phoenix  
  98  9:12  Pylon  
  86  9:32  Stalker x3  
  86  9:33  Adept  
  86  9:34  Zealot  
  86  9:37  Pylon  
Tags
 
Add a new tag
Caveats
  • Supply blocks, unpowered buildings, or Contaminate may cause inaccurate times.
  • Supply counts are checked every 10 seconds.